 Dungeon Crawl Stone Soup version 0.17-a0-957-ga3519be (webtiles) character file.

4071 inmateoo the Zephyrmancer (level 10, -4/111 HPs)
             Began as a Human Air Elementalist on May 7, 2015.
             Slain by a yak (10 damage)
             ... on level 10 of the Dungeon.
             The game lasted 00:28:07 (14023 turns).

inmateoo the Zephyrmancer (Human Air Elementalist) Turns: 14023, Time: 00:28:07

Health: -4/111     AC: 25    Str:  8    XL:     10   Next: 49%
Magic:  0/14       EV:  2    Int: 21    God:
Gold:   350        SH:  0    Dex: 21    Spells: 4 memorised, 6 levels left

rFire  . . .     SeeInvis .     a - +3 dagger
rCold  . . .     Clarity  +     (armour currently unavailable)
rNeg   + + +     SustAb   .     (no shield)
rPois  +         Gourm    .     (helmet currently unavailable)
rElec  .         Spirit   .     (cloak currently unavailable)
rCorr  .         Warding  .     (gloves currently unavailable)
rMut   .         NoTele   +     (boots currently unavailable)
MR     .....                    m - amulet of clarity
Stlth  ++++++....               (no ring)
                                d - ring of poison resistance

@: agile, tree-form, very slightly contaminated, hasted, repel missiles, very
quick, not resistant to hostile enchantments, very stealthy
A: agile 1, clever 1, (cold resistance 0)
a: no special abilities


You were on level 10 of the Dungeon.
You were not hungry.
You were a tree.
You visited 2 branches of the dungeon, and saw 10 of its levels.
You also visited: Ossuary.

You collected 350 gold pieces.

Inventory:

Hand weapons
 a - a +3 dagger (weapon)
 b - a +0 blowgun
 E - a +0 dagger of protection
 K - a +0 rapier
Missiles
 g - 49 poisoned needles
Armour
 n - a +0 pair of gloves (melded)
 A - a +2 leather armour of fire resistance
 D - a +0 cloak (melded)
 H - the cursed +0 ring mail of Ychi (melded) {rElec rN+ Slay+2}
   (You found it on level 6 of the Dungeon)

   It affects your accuracy and damage with ranged weapons and melee attacks
   (+2).
   It insulates you from electricity.
   It protects you from negative energy.
   It has a curse placed upon it.
Jewellery
 d - a ring of poison resistance (left branch)
 m - an amulet of clarity (around neck)
Scrolls
 i - a scroll of remove curse
 o - 2 scrolls of magic mapping
 s - 2 scrolls of fog
 u - 4 scrolls of amnesia
 v - a scroll of enchant weapon
 w - 2 scrolls of recharging
 y - 2 scrolls of enchant armour
Potions
 e - 6 potions of curing
 f - a potion of flight
 j - 2 potions of agility
 k - 2 potions of brilliance {unknown}
 l - a potion of magic
 p - 2 potions of mutation {unknown}
 r - a potion of haste
 t - 2 potions of cancellation {unknown}
 x - 2 potions of poison {unknown}
 z - 3 potions of lignification
 C - 3 potions of might {unknown}
 F - a potion of resistance
 G - a potion of invisibility
Books
 h - a book of Air

   Spells                             Type                      Level
   a - Shock                          Conjuration/Air              1
   b - Swiftness                      Charms/Air                   2
   c - Repel Missiles                 Charms/Air                   2
   d - Flight                         Charms/Air                   3
   e - Static Discharge               Conjuration/Air              3
   f - Lightning Bolt                 Conjuration/Air              5
 B - a book of Hinderance

   Spells                             Type                      Level
   a - Confusing Touch                Hexes                        2
   b - Confuse                        Hexes                        3
   c - Gell's Gravitas                Hexes/Translocation          3
   d - Petrify                        Transmutation/Earth          4
   e - Metabolic Englaciation         Hexes/Ice                    5
 J - a book of Envenomations

   Spells                             Type                      Level
   a - Spider Form                    Transmutation/Poison         3
   b - Alistair's Intoxication        Transmutation/Poison         4
   c - Olgreb's Toxic Radiance        Poison                       4
   d - Poisonous Cloud                Conjuration/Poison/Air       6
Comestibles
 c - 12 bread rations
 I - 5 fruits
 L - a royal jelly


   Skills:
 - Level 5.2 Fighting
 * Level 7.7 Short Blades
 + Level 5.8 Dodging
 + Level 5.9 Stealth
 + Level 3.1 Spellcasting
 - Level 1.0 Conjurations
 * Level 8.1 Air Magic


You had 6 spell levels left.
You knew the following spells:

 Your Spells              Type           Power        Failure   Level  Hunger
a - Shock                 Conj/Air       ###.         1%          1    None
b - Repel Missiles        Chrm/Air       ###...       4%          2    ##.....
c - Static Discharge      Conj/Air       ###.....     10%         3    ###....
d - Flight                Chrm/Air       ###.......   10%         3    ###....


Dungeon Overview and Level Annotations

Branches:
Dungeon (10/15)            Temple (1/1) D:4
   Lair: D:8-11         Orc: D:9-12

Altars:
Cheibriados
Dithmenos
Elyvilon
Fedhas
Gozag
Kikubaaqudgha
Makhleb
Nemelex Xobeh
Okawaru
Qazlal
Ru
Sif Muna
Vehumet
Xom
Yredelemnul
Zin
The Shining One

Portals:
Trove: D:10 (show abyssal rune of Zot)

Annotations:
D:4 Dowan


Innate Abilities, Weirdness & Mutations

You are agile. (Dex +2)
Your mind is acute. (Int +2)
((Your flesh is cold resistant.))


Message History

The yak gores you but does no damage.
Unknown command.
Unknown command.
Casting: Static Discharge
Confirm with . or Enter, or press ? or * to list all spells.
You miscast Static Discharge.
Strange energies run through your body. The yak gores you but does no damage.
The yak gores you!
* * * LOW HITPOINT WARNING * * *
Unknown command.
Unknown command.
Unknown command.
Drink which item? (? for menu, Esc to quit)
You feel better. The yak gores you!
* * * LOW HITPOINT WARNING * * *
Casting: Static Discharge
Confirm with . or Enter, or press ? or * to list all spells.
You miscast Static Discharge.
You smell something strange.
The yak gores you!
* * * LOW HITPOINT WARNING * * *
The yak gores you but does no damage. The yak gores you!
You die...

#...# #...# ###.
#...# .... #...#
.... #...# ...
#...# #.. #...#
#..####...####
#.YY♣..........
#..YY........$.
#/.$......####..
#.∩.####..# .
#).% #..# #...
#..# #[.# ..#
#.. .# #..


You could see 4 yaks.

Vanquished Creatures
  A two-headed ogre (D:8)
  Sigmund (D:4)
  A spriggan (D:8)
  A hippogriff (D:6)
  2 yaks (D:10)
  Edmund (D:5)
  A sky beast (D:5)
  Duvessa (D:4)
  2 phantoms
  An ice beast (D:7)
  3 centaurs
  3 ogres
  2 big kobolds
  4 giant frogs
  2 scorpions
  2 jellies
  3 crimson imps
  4 hounds
  3 orc priests
  7 worker ants
  Jessica (D:3)
  A centaur skeleton (D:5)
  3 iguanas
  4 orc wizards
  A giant frog skeleton (D:5)
  A quasit (D:6)
  A killer bee zombie (D:3)
  2 hound zombies
  A hound skeleton (D:8)
  12 mummies
  2 worker ant zombies (D:7)
  13 gnolls
  15 adders
  2 shadow imps
  An ooze (D:2)
  An adder skeleton (D:7)
  7 worms
  9 giant geckos
  21 orcs
  4 ball pythons
  21 bats
  A bat skeleton (D:4)
  3 giant cockroaches
  9 goblins
  10 hobgoblins
  3 jackals (D:1)
  42 kobolds
  8 quokkas
  7 giant newts
  A giant spore (D:7)
  A gnoll skeleton (Ossuary)
  2 gnoll zombies (D:2)
  A goblin zombie (D:4)
  A hobgoblin zombie (D:4)
  2 kobold skeletons (Ossuary)
  5 orc skeletons (Ossuary)
  2 quokka skeletons
  9 rats
  11 rat skeletons (Ossuary)
  3 ballistomycetes (D:7)
289 creatures vanquished.

Vanquished Creatures (others)
  Pikel (D:5)
  4 slaves (D:5)
  A scorpion (D:5)
  A hound (D:5)
  A goblin (D:5)
  A kobold (D:7)
  A giant spore (D:8)
  2 ballistomycetes (D:8)
12 creatures vanquished.

Grand Total: 301 creatures vanquished

Notes
Turn   | Place    | Note
--------------------------------------------------------------
     0 | D:1      | inmateoo, the Human Air Elementalist, began the quest for the Orb.
     0 | D:1      | Reached XP level 1. HP: 13/13 MP: 3/3
   193 | D:1      | Reached skill level 1 in Fighting
   219 | D:1      | Reached XP level 2. HP: 21/21 MP: 0/5
   684 | D:1      | Reached XP level 3. HP: 23/26 MP: 0/6
   716 | D:1      | Learned a level 2 spell: Repel Missiles
   721 | D:1      | Learned a level 3 spell: Static Discharge
  1504 | D:1      | Reached skill level 1 in Short Blades
  1504 | D:1      | Reached XP level 4. HP: 17/32 MP: 0/7
  2253 | D:2      | Reached XP level 5. HP: 5/38 MP: 0/8
  3008 | D:2      | Found an iron altar of Okawaru.
  3325 | D:2      | Gained mutation: You are agile. (Dex +2) [potion of beneficial mutation]
  3714 | D:2      | Found a basalt altar of Yredelemnul.
  3801 | D:3      | Reached XP level 6. HP: 24/44 MP: 0/9
  3993 | D:3      | Reached skill level 4 in Air Magic
  4520 | D:3      | Noticed Jessica
  4536 | D:3      | Killed Jessica
  5069 | D:4      | Found a staircase to the Ecumenical Temple.
  5075 | Temple   | Entered the Ecumenical Temple
  5229 | D:4      | Found a sand-covered staircase.
  5275 | Ossuary  | Entered an ossuary
  5358 | Ossuary  | Reached XP level 7. HP: 37/51 MP: 10/10
  6834 | D:4      | Learned a level 3 spell: Flight
  7504 | D:4      | Reached skill level 5 in Air Magic
  7504 | D:4      | Reached XP level 8. HP: 17/58 MP: 1/11
  7995 | D:5      | Entered Level 5 of the Dungeon
  8046 | D:5      | Gained mutation: Your mind is acute. (Int +2) [mutagenic meat]
  8047 | D:5      | Gained mutation: Your flesh is cold resistant. [mutagenic meat]
  8049 | D:5      | Killed Pikel
  8216 | D:5      | Noticed Sigmund
  8374 | D:5      | Noticed Dowan
  8377 | D:5      | Noticed Duvessa
  8785 | D:4      | Killed Sigmund
  8940 | D:4      | Killed Duvessa
  8940 | D:4      | Reached skill level 5 in Short Blades
  9245 | D:5      | Noticed Edmund
  9279 | D:5      | Killed Edmund
  9279 | D:5      | Reached skill level 6 in Air Magic
  9279 | D:5      | Reached XP level 9. HP: 37/65 MP: 2/12
 10596 | D:6      | Got a transparent ring mail
 10608 | D:6      | Identified the cursed +0 ring mail of Ychi {rElec rN+ Slay+2} (You found it on level 6 of the Dungeon)
 10662 | D:6      | Found a sparkling altar of Nemelex Xobeh.
 10742 | D:6      | Reached skill level 5 in Dodging
 10885 | D:6      | Reached skill level 5 in Stealth
 11442 | D:6      | HP: 3/66 [hippogriff (5)]
 11445 | D:6      | Reached skill level 7 in Air Magic
 11860 | D:7      | Found an opulent altar of Gozag.
 12165 | D:7      | Found a stormy altar of Qazlal.
 12432 | D:7      | Reached XP level 10. HP: 58/73 MP: 1/13
 13258 | D:8      | Found a deep blue altar of Sif Muna.
 13267 | D:8      | Reached skill level 5 in Fighting
 13775 | D:8      | Reached skill level 8 in Air Magic
 13866 | D:8      | You fall through a shaft for 2 floors!
 13866 | D:10     | Entered Level 10 of the Dungeon
 13977 | D:10     | Found a portal to a secret trove of treasure.
 14023 | D:10     | Slain by a yak

Action                   |  1- 3 |  4- 6 |  7- 9 | 10-12 || total
-------------------------+-------+-------+-------+-------++-------
Melee: Unarmed           |    23 |       |       |       ||    23
       Dagger            |    28 |   205 |   487 |   136 ||   856
 Fire: Blowgun           |       |       |    21 |       ||    21
 Cast: Shock             |    70 |   121 |   224 |    46 ||   461
       Repel Missiles    |     1 |       |     1 |     1 ||     3
       Static Discharge  |       |     1 |    16 |     8 ||    25
  Use: Scroll            |     8 |    10 |     5 |     3 ||    26
       Potion            |       |     2 |     1 |     7 ||    10
 Stab: Sleeping          |       |       |    11 |       ||    11
  Eat: Chunk             |     2 |    13 |    21 |     1 ||    37
       Royal jelly       |       |     1 |       |       ||     1
       Meat ration       |       |     1 |     1 |     1 ||     3
       Beef jerky        |       |       |     1 |       ||     1
